 Dungeon Crawl Stone Soup version 0.31-b1-18-g61460d1e46 (webtiles) character file.

Game seed: 2360420797446500445

2 Esekla the Sneak (level 1, -1/16 HPs)
             Began as an Octopode Delver on Jan 16, 2024.
             Slain by an orc priest
             ... wielding a +2 hand axe of electrocution
              (12 damage)
             ... on level 5 of the Dungeon.
             The game lasted 00:00:30 (33 turns).

Esekla the Sneak (Octopode Delver)                    Turns: 33, Time: 00:00:30

Health: -1/16      AC:  1    Str: 11    XL:     1   Next: 30%
Magic:  1/1        EV: 13    Int: 12    God:
Gold:   9          SH:  0    Dex: 13    Spells: 0/0 levels left

rFire   . . .        a - +0 falchion
rCold   . . .        (no shield)
rNeg    . . .        (helmet restricted)
rPois   .            (no amulet)
rElec   .            (no ring)
rCorr   .            (no ring)
SInv    .            (no ring)
Will    .....        (no ring)
Stlth   ++++         (no ring)
HPRegen 0.22/turn    (no ring)
MPRegen 0.07/turn    (no ring)
                     (no ring)

%: no passive effects
@: no status effects
A: almost no armour, amphibious, 8 rings, camouflage 1, gelatinous body 1,
(nimble swimmer 1), tentacles
a: no special abilities


You were on level 5 of the Dungeon.
You visited 1 branch of the dungeon, and saw 1 of its levels.

You collected 9 gold pieces.

Inventory:

Hand Weapons
 a - a +0 falchion (weapon)
Jewellery
 g - a +6 ring of intelligence
Wands
 f - a wand of digging (3)
Scrolls
 b - a scroll of fog
 c - a scroll of revelation
 d - a scroll of fear
Potions
 e - a potion of haste


   Skills:
 * Level 3.0 Fighting
 * Level 2.0 Long Blades
 * Level 2.0 Dodging
 + Level 6.6 Stealth


You couldn't memorise any spells.
You didn't know any spells.
Your spell library was empty.

Dungeon Overview and Level Annotations

Branches:
Dungeon (5/15)
 Temple: D:4-7

Altars:


Innate Abilities, Weirdness & Mutations

You cannot wear most types of armour.
You are amphibious.
You can wear up to eight rings at the same time.
Your skin changes colour to match your surroundings (Stealth+).
Your rubbery body absorbs attacks. (AC +1, EV +1)
((You are camouflaged when in or above water. (Stealth+)))
You have tentacles for arms and can constrict up to eight enemies at once.


Message History

Welcome, Esekla the Octopode Delver.
A smirking vizier told you that the Orb of Zot is just within this dungeon.
Press ? for a list of commands and other information.
Found a maw talisman and 9 gold pieces.
Found an escape hatch in the ceiling.
Found a stone staircase leading down.
A lemure comes into view.
You now have 9 gold pieces.
A jelly comes into view.
A bombardier beetle comes into view.
An adder comes into view.
Found an ivory ring.
Found a potion of haste.
g - a +6 ring of intelligence
Found a cloak.
An orc comes into view. It is wielding a +0 club.
The orc shouts!
You hit the orc but do no damage. Your grab misses the orc.
You hear a shout! x2
The orc misses you.
You closely miss the orc. Your grab misses the orc.
The orc hits you with a +0 club.
You slash the orc!
You kill the orc!
An orc priest comes into view.
It is wielding a +2 hand axe of electrocution.
Things that are here:
17 gold pieces; a +0 club; an orc corpse An orc and an orc priest come into view.
Found 8 gold pieces.
The orc moves out of view.
You hit the orc priest. You grab the orc priest. You squeeze the orc priest.
The orc priest is heavily wounded.
You constrict the orc priest, but do no damage.
The orc priest closely misses you.
The orc priest hits you with a +2 hand axe of electrocution.
You are electrocuted!
Ouch! That really hurt!
You die...

#... ... ## ..##
##.#...#
###$...#.#
#........#
#..#..#.###
#.o@!##.#.##...
#...o#$##........
#.#.##....# #.
#.##.#.## .
#.#.[#.###.#.. #
#.#.##......# .#
...##.####.# ..#
##.#....##.#..##.
#...##.......#..


You could see 2 orc priests.

Vanquished Creatures
  An orc (D:5)
1 creature vanquished.

Notes
Turn   | Place    | Note
-------+----------+-------------------------------------------
     0 | D:5      | Esekla the Octopode Delver began the quest for the Orb.
     0 | D:5      | Reached XP level 1. HP: 16/16 MP: 1/1
     0 | D:5      | Noticed a lemure
     5 | D:5      | Noticed a jelly
     8 | D:5      | Noticed a bombardier beetle
    31 | D:5      | Noticed an orc priest
    32 | D:5      | Noticed an orc priest
    33 | D:5      | Slain by an orc priest

Illustrated notes

Levels and vault maps discovered:
D:5:      layout_cave_pools, grunt_ministairs_12, nicolae_letterblocks
          [nicolae_letter_subblock, nicolae_letter_subblock,
          nicolae_letter_subblock, nicolae_letter_subblock,
          nicolae_letter_subblock, nicolae_letter_subblock,
          nicolae_letter_subblock, nicolae_letter_subblock,
          nicolae_letter_subblock, nicolae_letter_subblock,
          nicolae_letter_subblock, nicolae_letter_subblock,
          nicolae_letter_subblock, nicolae_letter_subblock,
          nicolae_letter_subblock, nicolae_letter_subblock,
          nicolae_letter_subblock, nicolae_letter_subblock,
          nicolae_letter_subblock, nicolae_letter_subblock,
          nicolae_letter_subblock, nicolae_letter_subblock,
          nicolae_letter_subblock, nicolae_letter_subblock,
          nicolae_letter_subblock], uniq_pikel, uniq_crazy_yiuf_cottage

Action                     || total
---------------------------++-------
  Melee: Falchion          ||     4
         Constrict         ||     1
         Tentacles         ||     1
 Armour: Skin              ||     2
  Dodge: Dodged            ||     2
